 Dungeon Crawl Stone Soup version 0.32-a0-612-g1c984fe9d1 (webtiles) character file.

Game seed: 12859119508799781731

490 MachoJfn the Chopper (level 6, -8/46 HPs)
             Began as a Demonspawn Gladiator on Feb 28, 2024.
             Mangled by an ogre
             ... wielding a +0 giant club
              (23 damage)
             ... on level 4 of the Dungeon on Mar 4, 2024.
             The game lasted 00:15:12 (4470 turns).

MachoJfn the Chopper (Demonspawn Gladiator)         Turns: 4470, Time: 00:15:12

Health: -8/46      AC: 13    Str: 16    XL:     6   Next: 90%
Magic:  6/6        EV:  6    Int:  8    God:
Gold:   178        SH:  0    Dex: 15    Spells: 5/5 levels left

rFire   . . .        a - +1 war axe
rCold   . . .        (no shield)
rNeg    . . .        f - +1 plate armour
rPois   .            (helmet restricted)
rElec   .            (no cloak)
rCorr   .            (no gloves)
SInv    .            (no boots)
Will    .....        (no amulet) Stlth
                     (no ring)
HPRegen 0.27/turn    (no ring)
MPRegen 0.10/turn

%: no passive effects
@: no status effects
A: antennae 2, sharp scales 1
a: no special abilities


You were on level 4 of the Dungeon.
You visited 1 branch of the dungeon, and saw 4 of its levels.

You collected 178 gold pieces.

Inventory:

Hand Weapons
 a - a +1 war axe (weapon)
Missiles
 c - 6 boomerangs
 d - 2 throwing nets (quivered)
 e - a javelin
 g - 28 stones
Armour
 f - a +1 plate armour (worn)
 k - a +0 scale mail
Wands
 h - a wand of warping (4)
Potions
 b - 2 potions of mutation {unknown}
 j - a potion of might


   Skills:
 + Level 2.8 Fighting
 + Level 5.1 Axes
 - Level 1.7 Throwing
 + Level 3.7 Armour
 + Level 3.3 Dodging
 + Level 0.4 Stealth


You had 5 spell levels left.
You didn't know any spells.
Your spell library was empty.

Dungeon Overview and Level Annotations

Branches:
Dungeon (4/15)
 Temple: D:4-7

Altars:
Makhleb
Nemelex Xobeh
Xom

Shops:
D:2 (*:?(


Innate Abilities, Weirdness & Mutations

You have a pair of antennae on your head.
You are partially covered in razor-sharp scales. (AC +1, Slay +1)


Message History

Done waiting.
You now have 166 gold pieces (gained 20).
You enter the shallow water.
Moving in this stuff is going to be slow.
You now have 178 gold pieces (gained 12).
An orc comes into view. It is wielding a +0 flail.
The orc throws a boomerang.
The boomerang hits you.
The orc throws a boomerang.
The boomerang hits you.
The orc throws a boomerang.
The boomerang barely misses you.
You hit the orc but do no damage. The orc hits you but does no damage. x2
You hit the orc but do no damage. The orc hits you with a +0 flail.
You hit the orc.
The orc is moderately wounded.
The orc hits you but does no damage.
You hit the orc but do no damage.
The orc is moderately wounded.
The orc hits you but does no damage.
You slash the orc!
You kill the orc!
c - 6 boomerangs (gained 1)
Things that are here:
a +0 flail; a +3 leather armour HP restored.
An ogre comes into view. It is wielding a +0 giant club.
The ogre shouts!
The ogre hits you with a +0 giant club!
You hit the ogre.
The ogre is lightly wounded.
The ogre closely misses you.
You hit the ogre.
The ogre is moderately wounded.
The ogre hits you with a +0 giant club!
You hit the ogre.
The ogre is moderately wounded.
The ogre hits you with a +0 giant club.
You hit the ogre.
The ogre is moderately wounded.
The ogre hits you with a +0 giant club!!
Ouch! That really hurt!
You die...

. #...##.....~~~≈....
..####...#......~~~≈....
................~~~...#
#.............~~~~...#
###....#..##.P.~.P#.#
##.).###..########.#
###....# #..# #
.###.....## ##..#
........@# ..#
....###.O.# #.. ..#
##..# ..# . #...# ##....
.#### .# ##


You could see an ogre.

Vanquished Creatures
  An ogre (D:3)
  Ijyb (D:3)
  Natasha (thrice) (D:3)
  4 orc wizards (D:3)
  Terence (D:3)
  2 adders
  7 gnolls (D:3)
  A white imp (D:4)
  2 ufetubi (D:4)
  A dart slug (D:3)
  A ribbon worm (D:3)
  8 orcs
  6 endoplasms
  3 giant cockroaches
  7 goblins
  3 hobgoblins
  8 jackals (D:2)
  4 kobolds
  4 quokkas
  2 ball pythons
  5 bats
  10 frilled lizards
  7 rats
91 creatures vanquished.

Notes
Turn   | Place    | Note
-------+----------+-------------------------------------------
     0 | D:1      | MachoJfn the Demonspawn Gladiator began the quest for the
                  | Orb.
     0 | D:1      | Reached XP level 1. HP: 16/16 MP: 1/1
    96 | D:1      | Gained mutation: You have a pair of small antennae on your
                  | head. [demonic ancestry]
    96 | D:1      | Reached XP level 2. HP: 18/22 MP: 2/2
   335 | D:1      | You fall into a shaft and drop 1 floor!
   352 | D:2      | Reached skill level 3 in Axes
   476 | D:2      | Found Guniedgh's Weapon Boutique.
   505 | D:2      | Found Miuxkeqeze's Magic Scroll Shop.
   632 | D:2      | Gained mutation: You have a pair of antennae on your head.
                  | [demonic ancestry]
   632 | D:2      | Reached XP level 3. HP: 21/27 MP: 3/3
   666 | D:2      | Found Zagreguo's Book Shoppe.
  1000 | D:2      | Found Ynilinge's General Store.
  1009 | D:1      | Reached skill level 1 in Armour
  1823 | D:2      | Found Vuxt's Antique Weapon Shoppe.
  2018 | D:3      | Upgraded the game from 0.32-a0-540-g866d13106e to
                  | 0.32-a0-576-g706899e69d
  2024 | D:3      | Reached XP level 4. HP: 34/34 MP: 4/4
  2072 | D:3      | Reached XP level 5. HP: 39/39 MP: 5/5
  2223 | D:3      | Noticed Natasha
  2229 | D:3      | Killed Natasha
  2230 | D:3      | Reached skill level 4 in Axes
  2328 | D:3      | Found a burning altar of Makhleb.
  2727 | D:3      | Noticed an ogre
  2743 | D:3      | Killed an ogre
  2744 | D:3      | Gained mutation: You are partially covered in razor-sharp
                  | scales. (AC +1, Slay +1) [demonic ancestry]
  2744 | D:3      | Reached XP level 6. HP: 7/46 MP: 6/6
  3042 | D:3      | Found a sparkling altar of Nemelex Xobeh.
  3043 | D:3      | Found a shimmering altar of Xom.
  3106 | D:3      | Noticed Ijyb
  3107 | D:3      | Noticed Natasha
  3120 | D:3      | Killed Ijyb
  3122 | D:3      | Killed Natasha
  3331 | D:3      | Reached skill level 5 in Axes
  3436 | D:3      | Noticed Terence
  3445 | D:3      | Killed Terence
  3755 | D:3      | Noticed Natasha
  3984 | D:3      | Killed Natasha
  4129 | D:4      | Upgraded the game from 0.32-a0-576-g706899e69d to
                  | 0.32-a0-612-g1c984fe9d1
  4470 | D:4      | Mangled by an ogre

Illustrated notes

Levels and vault maps discovered:
D:1:      pf_arrival_petrified_forest, layout_rooms, serial_forest,
          infiniplex_forest_lined_2, infiniplex_forest_straight_2,
          infiniplex_forest_lined_2, infiniplex_forest_zigzag_1,
          infiniplex_forest_zigzag_2, infiniplex_forest_clump_diagonal
D:2:      layout_loops_corners, serial_shops, shop, shop,
          nicolae_shop_getting_attention, shop, shop
D:3:      layout_basic, lemuel_round_altar, gammafunk_temple_overflow_pools,
          roderic_serpentine_path, chequers_serial_rivers_micro_c, uniq_terence,
          uniq_ijyb, uniq_natasha
D:4:      layout_layer_cave, serial_demonic, serial_demonic_f, serial_demonic_b,
          serial_demonic_b, serial_demonic_d, uniq_edmund, uniq_duvessa

Skill      XL: |  1  2  3  4  5  6 |
---------------+-------------------+-----
Dodging        | 3 |  3.3
Axes           | 3 4 5 |  5.1
Armour         | 1 2 3 |  3.7
Fighting       | |  2.8
Throwing       | |  1.7
Stealth        | |  0.4

Action                     |  1- 3 |  4- 6 || total
---------------------------+-------+-------++-------
  Melee: War axe           |   248 |   146 ||   394
  Throw: Throwing net      |       |     2 ||     2
    Use: Scroll            |     4 |     4 ||     8
         Potion            |     3 |     1 ||     4
   Stab: Held in net/web   |       |     1 ||     1
 Armour: Leather armour    |    65 |       ||    65
         Scale mail        |    60 |    29 ||    89
         Skin              |     9 |    45 ||    54
         Plate armour      |       |   177 ||   177
  Dodge: Dodged            |   115 |    65 ||   180

Table legend: (Time is in decaauts)
 A = Elapsed time spent in this place.
 B = Non-inter-level travel time spent in this place.
 C = Inter-level travel time spent in this place.
 D = Time resting spent in this place.
 E = Time spent auto-exploring this place.
 F = Levels seen in this place.
 G = Mean time per level.
                   A        B        C        D        E       F      G
               +--------+--------+--------+--------+--------+-----+--------+
         Total |   4581 |   4061 |    520 |   1549 |   1467 |   4 | 1145.2 |
       Dungeon |   4581 |   4061 |    520 |   1549 |   1467 |   4 | 1145.2 |
               +--------+--------+--------+--------+--------+-----+--------+

Top non-repeatable levels by time:
     D:3: 1954 daAuts
     D:2: 1474 daAuts
     D:1: 801 daAuts
     D:4: 351 daAuts
